 Dungeon Crawl Stone Soup version 0.30-a0-702-gdf48620a09 (webtiles) character file.

Game seed: 10385674627342475084

3 Lobster4 the Grasshopper (level 1, -1/13 HPs)
             Began as a Human Wanderer on Jan 21, 2023.
             Frozen to death by an endoplasm (5 damage)
             ... on level 1 of the Dungeon.
             The game lasted 00:02:10 (64 turns).

Lobster4 the Grasshopper (Human Wanderer)             Turns: 64, Time: 00:02:11

Health: -1/13      AC:  2    Str: 10    XL:     1   Next: 55%
Magic:  2/2        EV: 11    Int: 15    God:
Gold:   6          SH:  0    Dex: 11    Spells: 1/2 levels left

rFire   . . .      SeeInvis .    a - +0 short sword
rCold   . . .      Faith    .    (no shield)
rNeg    . . .      Spirit   .    d - +0 robe
rPois   .          Reflect  .    (no helmet)
rElec   .          Harm     .    (no cloak)
rCorr   .          Rampage  .    (no gloves)
Will    .....                    (no boots)
Stlth   +                        (no amulet)
HPRegen 0.22/turn                (no ring)
MPRegen 0.08/turn                (no ring)

@: no status effects
A: no striking features
a: no special abilities


You were on level 1 of the Dungeon.
You visited 1 branch of the dungeon, and saw 1 of its levels.

You collected 6 gold pieces.

Inventory:

Hand Weapons
 a - a +0 short sword (weapon)
Armour
 b - a +0 scale mail
 d - a +0 robe (worn)
Scrolls
 c - a scroll of fog


   Skills:
 + Level 0.2 Fighting
 - Level 2.0 Short Blades
 + Level 0.2 Armour
 + Level 0.2 Dodging
 + Level 1.0 Spellcasting
 - Level 5.0 Translocations
 - Level 1.0 Invocations
 + Level 1.1 Evocations


You had one spell level left.
You knew the following spells:

 Your Spells              Type           Power      Damage    Failure   Level
a - Apportation           Tloc           30%        N/A       3%          1

Your spell library contained the following spells:

 Spells                   Type           Power      Damage    Failure   Level
 Momentum Strike          Conj/Tloc      16%        3d8       13%         2
 Passage of Golubria      Tloc           15%        N/A       30%         4


Dungeon Overview and Level Annotations

Branches:
Dungeon (1/15)

Altars:


Message History

The kobold shouts!
The hobgoblin shouts!
The endoplasm moves out of view.
You barely miss the bat. The bat hits you but does no damage.
You barely miss the hobgoblin. The bat hits you but does no damage.
The hobgoblin attacks as you move away! The hobgoblin barely misses you.
A goblin comes into view. It is wielding a +0 dagger.
Found a leather armour.
Found a stone staircase leading down.
The goblin shouts!
The bat barely misses you.
A rat comes into view.
The hobgoblin attacks as you move away! The hobgoblin closely misses you.
The bat closely misses you.
An endoplasm comes into view.
The hobgoblin attacks as you move away! The hobgoblin closely misses you.
The bat attacks as you move away! The bat hits you.
The hobgoblin attacks as you move away! The hobgoblin hits you.
The endoplasm quivers.
The bat barely misses you. The bat closely misses you.
The hobgoblin attacks as you move away!
The hobgoblin hits you but does no damage.
The goblin attacks as you move away! The goblin hits you with a +0 dagger.
The bat hits you but does no damage. The bat hits you but does no damage.
The bat attacks as you move away! The bat hits you.
Found a scroll labelled OTUIVU RYISM.
The bat hits you. The bat closely misses you.
You are too injured to fight recklessly!
You are too injured to fight recklessly!
You hit the bat.
The bat is severely wounded.
The bat hits you but does no damage.
You closely miss the bat.
The bat is moderately wounded.
The bat hits you but does no damage. The bat barely misses you.
You barely miss the bat. The bat hits you.
You closely miss the bat. The bat hits you. The endoplasm freezes you.
You are frozen.
You die...

#? . .# ...# .. .#
#..###. ##. .#
#..#... .. . #.. .
####.[..# .# ..
##.## .
#..J..>.### .###..
#...#.# #@#......
...... #...#.#
#b##.#.#####......
#.†...#
#gr...............
#...###
##g..J.####.......
#...# ###
###...!###.......
.)..######...#
###....?(#.....
........)....#
##..#### ##.#
....##'##.....#
#...#
....#...#...#..#
.......


You could see an endoplasm, a hobgoblin, a goblin, a bat and a rat.

Vanquished Creatures
  A goblin (D:1)
  A ball python (D:1)
  A kobold (D:1)
  A rat (D:1)
4 creatures vanquished.

Notes
Turn   | Place    | Note
-------+----------+-------------------------------------------
     0 | D:1      | Lobster4 the Human Wanderer began the quest for the Orb.
     0 | D:1      | Lobster4 set off with the following items: a +0 short
                  | sword, a wand of polymorph (4), a scroll of fog, a +0 robe;
                  | and the following spell memorised: Apportation; and the
                  | following spells available to memorise: Momentum Strike,
                  | Passage of Golubria.
     0 | D:1      | Reached XP level 1. HP: 13/13 MP: 2/2
    64 | D:1      | Frozen to death by an endoplasm

Illustrated notes

Levels and vault maps discovered:
D:1:      dpeg_arrival_simpleton_c, layout_rooms, chequers_serial_rivers_room_b

Action                   || total
-------------------------++-------
Melee: Short sword       ||    15
Armor: Robe              ||    10
Dodge: Dodged            ||    15

Table legend: (Time is in decaauts)
 A = Elapsed time spent in this place.
 B = Non-inter-level travel time spent in this place.
 C = Inter-level travel time spent in this place.
 D = Time resting spent in this place.
 E = Time spent auto-exploring this place.
 F = Levels seen in this place.
 G = Mean time per level.
                   A        B        C        D        E       F      G
               +--------+--------+--------+--------+--------+-----+--------+
         Total |     62 |     62 |      0 |      0 |      4 |   1 |   62.0 |
       Dungeon |     62 |     62 |      0 |      0 |      4 |   1 |   62.0 |
               +--------+--------+--------+--------+--------+-----+--------+

Top non-repeatable levels by time:
     D:1: 62 daAuts
